 Dungeon Crawl Stone Soup version 0.23-b1-3-gdda8187c6f (webtiles) character file.

Game seed: 5219111184579994859

5957 Infinimo the Arsonist (level 10, 0/74 HPs)
             Began as a Hill Orc Fire Elementalist on Jan 31, 2019.
             Was a Follower of Vehumet.
             Succumbed to a killer bee's poison
             ... on level 8 of the Dungeon.
             The game lasted 00:29:34 (11891 turns).

Infinimo the Arsonist (Hill Orc Fire Elementalist) Turns: 11891, Time: 00:29:35

Health: 0/74       AC: 11    Str: 16    XL:     10   Next: 84%
Magic:  5/17       EV: 12    Int: 18    God:    Vehumet [*.....]
Gold:   416        SH:  0    Dex: 11    Spells: 6/19 levels left

rFire    . . .     SeeInvis .   t - +4 rapier of Checkmate {venom, +Fly Str+4}
rCold    . . .     Gourm    .   (no shield)
rNeg     . . .     Faith    .   a - +0 robe
rPois    .         Spirit   .   k - +0 helmet
rElec    .         Reflect  .   (no cloak)
rCorr    +         Harm     .   b - +0 pair of gloves
MR       +....                  (no boots)
Stlth    ++........             (no amulet)
HPRegen  0.22/turn              n - +5 ring of protection
MPRegen  0.15/turn              u - ring of resist corrosion

@: lethally poisoned (0 -> -3), berserk cooldown, hasted and slowed
A: thin metallic scales 1, blurry vision 1, magic resistance 1, subdued magic 1
a: Renounce Religion, Evoke Flight


You were on level 8 of the Dungeon.
You worshipped Vehumet.
Vehumet was aware of your devotion.
You were very hungry.

You visited 2 branches of the dungeon, and saw 10 of its levels.

You collected 416 gold pieces.

Inventory:

Hand Weapons
 l - a +1 trident
 t - the +4 rapier of Checkmate (weapon) {venom, +Fly Str+4}
   (You found it on level 4 of the Dungeon)

   It poisons the flesh of those it strikes.
   It affects your strength (+4).
   It lets you fly.
Armour
 a - a +0 robe (worn)
 b - a +0 pair of gloves (worn)
 k - a +0 helmet (worn)
 q - a +0 buckler
Magical Staves
 o - an uncursed staff of conjuration
 w - an uncursed staff of fire
Jewellery
 n - a +5 ring of protection (left hand)
 u - a ring of resist corrosion (right hand)
 y - a cursed ring of teleportation {unknown}
Wands
 i - a wand of iceblast (12)
 j - a wand of disintegration (12)
Scrolls
 d - a scroll of identify
 e - 5 scrolls of remove curse
 s - 2 scrolls of teleportation
 v - a scroll of fog
 z - 2 scrolls of torment {unknown}
Potions
 f - 3 potions of degeneration
 g - 2 potions of brilliance
 h - a potion of ambrosia
 m - 2 potions of flight
 p - 2 potions of might
 C - a potion of cancellation {unknown}
Comestibles
 c - 16 rations


   Skills:
 - Level 2.7 Fighting
 - Level 1.5 Dodging
 - Level 1.5 Stealth
 + Level 4.9 Shields
 + Level 5.3 Spellcasting
 * Level 9.6 Conjurations
 * Level 10.8 Fire Magic


You had 6 spell levels left.
You knew the following spells:

 Your Spells              Type           Power        Failure   Level  Hunger
a - Flame Tongue          Conj/Fire      ####.        1%          1    None
b - Conjure Flame         Conj/Fire      ####....     1%          3    ##.....
c - Sticky Flame          Conj/Fire      ####....     1%          4    ####...
d - Fireball              Conj/Fire      ####......   4%          5    ######.

Your spell library contained the following spells:

 Spells                   Type           Power        Failure   Level  Hunger
 Sting                    Conj/Pois      ###.         1%          1    None
 Throw Flame              Conj/Fire      ####..       1%          2    #......
 Inner Flame              Hex/Fire       ###.....     3%          3    ##.....
 Animate Skeleton         Necr           N/A          11%         1    None
 Pain                     Necr           #...         11%         1    None
 Summon Butterflies       Summ           #.......     11%         1    None
 Call Canine Familiar     Summ           #.......     32%         3    ##.....
 Regeneration             Chrm/Necr      #.........   32%         3    ##.....
 Vampiric Draining        Necr           #.........   32%         3    ##.....
 Animate Dead             Necr           N/A          75%         4    ####...
 Summon Ice Beast         Ice/Summ       #.......     75%         4    ####...
 Summon Mana Viper        Hex/Summ       #.......     98%         5    ######.
 Summon Hydra             Summ           #.........   100%        7    #######


Dungeon Overview and Level Annotations

Branches:
Dungeon (9/15)             Temple (1/1) D:6            Lair (0/6) D:8
    Orc: D:9-12

Altars:
Ashenzari
Cheibriados
Dithmenos
Elyvilon
Fedhas
Gozag
Hepliaklqana
Kikubaaqudgha
Makhleb
Nemelex Xobeh
Okawaru
Qazlal
Ru
Sif Muna
Trog
Uskayaw
Vehumet
Wu Jian
Xom
Yredelemnul
Zin
The Shining One

Shops:
D:6 (

Annotations:
D:9 Harold


Innate Abilities, Weirdness & Mutations

You are partially covered in thin metallic scales. (AC +2)
Scrolls take you a little longer to read.
You are resistant to hostile enchantments. (MR+)
Your spells are a little easier to cast, but a little less powerful.


Message History

* * * LOW HITPOINT WARNING * * *
You feel sick. The killer bee stings you.
* * * LOW HITPOINT WARNING * * *
You puncture the killer bee!
The killer bee looks as sick as possible!
The killer bee is severely wounded.
You puncture the killer bee!
You kill the killer bee!
Vehumet accepts your kill.
You feel your power returning.
* * * LOW HITPOINT WARNING * * *
You feel sick.
You see here a killer bee corpse.
You are too berserk!
There is a lethal amount of poison in your body!
You feel a strong urge to attack something.
You are no longer berserk.
You are exhausted.
You feel yourself slow down.
You die...

###.......###
##...........## #####
##.............## #...#
#[..............## #...#
#†>..............# #...#
#[...............# #...#
#................# #...##
#................#
#..#.###...(@...........#
#..#..##..........(....##
#..#..................##
#.##...............#### #
#....[###..........# ##
##......##.........(# ##.
#...##..##..######..##
###.. #######..####
##..## ##...# #..##
##..###...##


There were no monsters in sight!

Vanquished Creatures
  A two-headed ogre (D:7)
  Pikel (D:5)
  A hippogriff (D:7)
  A wyvern (D:8)
  4 yaks
  Eustachio (D:5)
  3 hogs (D:7)
  A human (D:7)
  4 ice beasts
  A black bear (D:7)
  A hornet zombie (D:7)
  A necrophage (D:3)
  A phantom (D:4)
  4 ogres
  A sky beast (D:7)
  4 orc warriors
  2 centaurs
  4 bullfrogs
  2 scorpions
  3 killer bees
  2 vampire bats (D:6)
  3 crimson imps
  A bullfrog zombie (D:5)
  A hound (D:6)
  2 jellies
  A centaur skeleton (D:3)
  4 orc priests
  8 orc wizards
  An iguana (D:4)
  Ijyb (D:4)
  4 worker ants (D:4)
  A killer bee zombie (D:8)
  A worker ant zombie (D:6)
  11 adders
  A shadow imp (D:7)
  2 oozes
  4 adder skeletons
  An adder zombie (D:6)
  3 worms
  3 dart slugs
  4 leopard geckos
  33 orcs
  4 bat skeletons (D:6)
  A bat zombie (D:6)
  5 giant cockroaches
  11 goblins
  9 hobgoblins
  9 jackals
  3 quokkas
  18 bats
  8 frilled lizards
  A jackal skeleton (D:4)
  8 kobolds
  A leopard gecko skeleton (D:7)
  A quokka zombie (D:7)
  5 rats
217 creatures vanquished.

Vanquished Creatures (others)
  A slave (D:5)
  An orc (D:5)
  A plant (D:2)
3 creatures vanquished.

Grand Total: 220 creatures vanquished

Notes
Turn   | Place    | Note
-------+----------+-------------------------------------------
     0 | D:1      | Infinimo the Hill Orc Fire Elementalist began the quest for
                  | the Orb.
     0 | D:1      | Reached XP level 1. HP: 14/14 MP: 3/3
   324 | D:1      | Reached XP level 2. HP: 20/20 MP: 0/4
  1245 | D:2      | Reached XP level 3. HP: 25/26 MP: 3/5
  1466 | D:2      | Reached skill level 4 in Fire Magic
  1873 | D:2      | Reached XP level 4. HP: 33/33 MP: 4/7
  1917 | D:2      | Learned a level 3 spell: Conjure Flame
  2760 | D:3      | Noticed a necrophage
  2775 | D:3      | Killed a necrophage
  2775 | D:3      | Reached XP level 5. HP: 28/37 MP: 1/8
  2958 | D:3      | Reached skill level 5 in Fire Magic
  3327 | D:3      | Reached XP level 6. HP: 44/44 MP: 6/9
  3463 | D:3      | Found a sparkling altar of Nemelex Xobeh.
  4503 | D:4      | Noticed a phantom
  4545 | D:4      | Killed a phantom
  4545 | D:4      | Reached skill level 6 in Fire Magic
  4545 | D:4      | Reached XP level 7. HP: 44/49 MP: 0/11
  4576 | D:4      | Learned a level 4 spell: Sticky Flame
  5163 | D:4      | Reached skill level 5 in Conjurations
  5195 | D:4      | HP: 1/50 [orc/+0 flail (7)]
  5598 | D:4      | Noticed Ijyb
  5604 | D:4      | Killed Ijyb
  5925 | D:4      | Got a pitted rapier
  5926 | D:4      | Identified the +4 rapier of Checkmate {venom, +Fly Str+4}
                  | (You found it on level 4 of the Dungeon)
  5952 | D:5      | Entered Level 5 of the Dungeon
  6247 | D:5      | Found a bloodstained altar of Trog.
  6527 | D:5      | Noticed Pikel
  6537 | D:5      | Killed Pikel
  6537 | D:5      | Reached skill level 7 in Fire Magic
  6537 | D:5      | Reached XP level 8. HP: 22/61 MP: 4/13
  6746 | D:5      | Noticed Eustachio
  6755 | D:5      | Killed Eustachio
  6928 | D:5      | Found a bloodstained altar of Trog.
  7404 | D:6      | Reached skill level 8 in Fire Magic
  7530 | D:6      | Reached skill level 1 in Shields
  7530 | D:6      | Reached XP level 9. HP: 64/68 MP: 7/14
  7632 | D:6      | Found Raorph's Antique Weapon Shop.
  7644 | D:6      | Learned a level 5 spell: Fireball
  7979 | D:6      | Found an ancient bone altar of Kikubaaqudgha.
  8032 | D:6      | Found a staircase to the Ecumenical Temple.
  8053 | Temple   | Entered the Ecumenical Temple
  8072 | Temple   | Became a worshipper of Vehumet
  8624 | D:6      | Reached skill level 9 in Fire Magic
  8917 | D:7      | Found a hazy altar of Hepliaklqana.
  8921 | D:7      | Found a snail-covered altar of Cheibriados.
  8922 | D:7      | Found a white marble altar of Elyvilon.
  8922 | D:7      | Found a shattered altar of Ashenzari.
  8926 | D:7      | Found a glowing golden altar of the Shining One.
  8927 | D:7      | Found an iron altar of Okawaru.
  9392 | D:7      | Gained mutation: Your spells are a little easier to cast,
                  | but a little less powerful. [potion of mutation]
  9392 | D:7      | Gained mutation: Scrolls take you a little longer to read.
                  | [potion of mutation]
  9392 | D:7      | Gained mutation: You are frail. (-10% HP) [potion of
                  | mutation]
  9392 | D:7      | Gained mutation: Your muscles are strong. (Str +2) [potion
                  | of mutation]
  9393 | D:7      | Lost mutation: You are frail. (-10% HP) [potion of
                  | mutation]
  9393 | D:7      | Lost mutation: Your muscles are strong. (Str +2) [potion of
                  | mutation]
  9393 | D:7      | Gained mutation: You are resistant to hostile enchantments.
                  | (MR+) [potion of mutation]
  9393 | D:7      | Gained mutation: You are partially covered in thin metallic
                  | scales. (AC +2) [potion of mutation]
  9452 | D:7      | Reached XP level 10. HP: 67/74 MP: 4/17
  9609 | D:7      | Reached * piety under Vehumet
  9609 | D:7      | Offered knowledge of Sting by Vehumet.
  9629 | D:7      | Found Awuarato's Gadget Boutique.
  9640 | D:7      | Reached skill level 10 in Fire Magic
 10497 | D:8      | Reached skill level 5 in Spellcasting
 10583 | D:8      | Found a staircase to the Lair.
 10798 | D:8      | Noticed a two-headed ogre
 10822 | D:7      | Killed a two-headed ogre
 11842 | D:9      | Noticed Harold
 11883 | D:8      | HP: 3/74 [killer bee (8)]
 11888 | D:8      | HP: 1/111 [poisoned by a killer bee]
 11891 | D:8      | Succumbed to a killer bee's poison

Skill      XL: |  1  2  3  4  5  6  7  8  9 10 |
---------------+-------------------------------+-----
Conjurations   | 2 3 4 6 8 9 |  9.6
Fire Magic     | 4 5 6 7 8 9 10 | 10.8
Spellcasting   | 2 3 4 5 |  5.3
Fighting       | 2 |  2.7
Shields        | 1 3 4 |  4.9
Dodging        | |  1.5
Stealth        | |  1.5

Action                   |  1- 3 |  4- 6 |  7- 9 | 10-12 || total
-------------------------+-------+-------+-------+-------++-------
Melee: Whip              |    56 |     1 |       |       ||    57
       Unarmed           |     4 |       |       |       ||     4
       Staff             |       |     6 |     6 |     7 ||    19
       Rapier            |       |       |    29 |     7 ||    36
 Cast: Flame Tongue      |    65 |   131 |   213 |    79 ||   488
       Sticky Flame      |       |       |    19 |    17 ||    36
       Conjure Flame     |       |       |       |     1 ||     1
  Use: Scroll            |       |     8 |    11 |     1 ||    20
       Potion            |       |       |     5 |     5 ||    10
 Stab: Sleeping          |     1 |       |       |       ||     1
  Eat: Chunk             |     4 |    11 |    18 |     6 ||    39
       Ration            |       |       |       |     1 ||     1
Armor: Robe              |    28 |    10 |    37 |    23 ||    98
Dodge: Dodged            |    74 |    41 |    90 |    59 ||   264
